 Dungeon Crawl Stone Soup version 0.31-a0-162-gc4c5a43528 (webtiles) character file.

Game seed: 17098206508678697295

8295 qw the Skirmisher (level 11, -4/69 HPs)
             Began as a Gargoyle Hunter on June 12, 2023.
             Was an Elder of Okawaru.
             Slain by a bone dragon (5 damage)
             ... on level 1 of the Abyss.
             The game lasted 00:02:31 (6253 turns).

qw the Skirmisher (Gargoyle Hunter)                 Turns: 6253, Time: 00:02:32

Health: -4/69      AC: 18    Str: 14    XL:     11   Next: 28%
Magic:  14/15      EV: 19    Int: 11    God:    Okawaru [****..]
Gold:   473        SH:  5    Dex: 27    Spells: 10/10 levels left

rFire   + . .        Y - +4 longbow (drain)
rCold   + . .        (shield currently unavailable)
rNeg    + . .        h - +0 ring mail of Osaataf {rF+ rC+ Dex+7 Slay+3}
rPois   inf          (no helmet)
rElec   +            m - +1 cloak
rCorr   .            f - +0 pair of gloves
SInv    +            (no boots)
Will    .....        g - amulet of reflection
Stlth   +++          b - ring "Luakeuc" {Fly Dex+3}
HPRegen 0.31/turn    c - ring of see invisible
MPRegen 0.14/turn

%: reflection
@: heroic, flying
A: sickness immunity, AC +8, negative energy resistance 1, electricity
resistance, torment resistance 1, petrification resistance
a: Renounce Religion, Heroism, Finesse


You were on level 1 of the Abyss.
You worshipped Okawaru.
Okawaru was greatly pleased with you.
You visited 2 branches of the dungeon, and saw 10 of its levels.
You visited the Abyss 1 time.

You collected 473 gold pieces.


Innate Abilities, Weirdness & Mutations

You are immune to sickness and miasma.
Your stone body is resilient. (AC +8)
You are immune to poison.
You resist negative energy. (rN+)
You are resistant to electric shocks. (rElec)
You are resistant to unholy torment.
You are immune to petrification.


   Skills:
 + Level 8.7(13.7) Fighting
 - Level 13.0(18.0) Ranged Weapons
 - Level 4.0(9.0) Armour
 - Level 5.0(10.0) Dodging
 - Level 1.1(6.1) Stealth
 + Level 6.2 Invocations


You had 10 spell levels left.
You didn't know any spells.
Your spell library was empty.

Inventory:

Hand Weapons
 i - a +0 orcbow of flaming
 Y - a +4 longbow of draining (weapon)
Armour
 f - a +0 pair of gloves (worn)
 h - the +0 ring mail of Osaataf (worn) {rF+ rC+ Dex+7 Slay+3}
   (You found it on level 8 of the Dungeon)

   Dex:       It affects your dexterity (+7).
   Slay:      It affects your accuracy & damage with ranged weapons and melee
   (+3).
   rF:        It protects you from fire.
   rC:        It protects you from cold.
 m - a +1 cloak (worn)
 s - +0 acid dragon scales
Jewellery
 b - the ring "Luakeuc" (left hand) {Fly Dex+3}
   (You found it on level 2 of the Dungeon)

   [ring of flight]

   Dex:       It affects your dexterity (+3).
   Fly:       It grants you flight.
 c - a ring of see invisible (right hand)
 g - an amulet of reflection (around neck)
 k - a ring of fire
Scrolls
 a - a scroll of identify
Potions
 j - 2 potions of lignification
 l - a potion of cancellation {unknown}
 n - a potion of haste
 o - a potion of mutation {unknown}
 u - a potion of attraction {unknown}

Dungeon Overview and Level Annotations

Branches:
Dungeon (9/15)             Temple (1/1) D:5
   Lair: D:8-11         Orc: D:9-12

Altars:
Ashenzari
Dithmenos
Elyvilon
Fedhas
Gozag
Hepliaklqana
Makhleb
Okawaru
Qazlal
Ru
Sif Muna
Trog
Uskayaw
Vehumet
Wu Jian
Xom
Yredelemnul
Zin
The Shining One

Shops:
D:1 [(

Portals:
Abyss: D:6

Annotations:
D:6 2 transporters, qw's ghost, novice MiHu
D:9 Erolcha


Message History

The bone dragon bites you! The bone dragon closely misses you.
The bone dragon tramples you but does no damage.
You shoot an arrow. The arrow hits the bone dragon.
The bone dragon is moderately damaged.
A small abomination comes into view.
The bone dragon misses you. The bone dragon claws you.
The bone dragon completely misses you.
You shoot an arrow. The arrow hits the bone dragon!!
The bone dragon is moderately damaged.
The bone dragon bites you! The bone dragon misses you.
The bone dragon tramples you but does no damage.
6249 ||| DRINKING potion of heal wounds.
You feel much better. The bone dragon bites you! The bone dragon claws you!
The bone dragon barely misses you.
You shoot an arrow.
The arrow barely misses the bone dragon.
The bone dragon bites you but does no damage.
The bone dragon claws you but does no damage.
The bone dragon tramples you.
You hold your ground!
You shoot an arrow. The thrashing horror roars!
The arrow hits the bone dragon but does no damage.
The bone dragon is moderately damaged.
The small abomination hits you. The bone dragon bites you.
The bone dragon claws you!
The bone dragon tramples you but does no damage.
You shoot an arrow.
The arrow hits the bone dragon but does no damage.
The bone dragon is moderately damaged.
The small abomination hits you but does no damage.
The thrashing horror tramples you but does no damage.
The thrashing horror completely misses you.
The small abomination closely misses you.
You shoot an arrow. The arrow hits the bone dragon.
The bone dragon is moderately damaged.
The thrashing horror tramples you.
You hold your ground!
The thrashing horror tramples you but does no damage.
The bone dragon bites you. The bone dragon claws you.
You die...

### # . ## .#. ##
#. ..# # ... #..
.###..#... #. ##
#.#.>. #
#...#.##'######
###.#...#......#
#..# #.....#x.....#
#####.#...#@D.....#
##. #_#X¤...>+ .
.#.#....¤...#
##..#... ####### .
.........# . #....
## ......##... .#
##. ###.. # . .


You could see a bone dragon, a thrashing horror and a small abomination.

Vanquished Creatures
  Erica (D:8)
  A two-headed ogre (D:9)
  Pikel (D:7)
  A cyclops (D:9)
  Psyche (D:8)
  Maggie (D:7)
  An ancient zyme (Abyss:1)
  2 hornets (D:9)
  A troll (D:9)
  A ynoxinul (Abyss:1)
  Sigmund (D:2)
  3 steam dragons
  Grum (D:8)
  A neqoxec (Abyss:1)
  2 large abominations (Abyss:1)
  2 water moccasins
  A sky beast (D:6)
  2 black bears
  7 wolves
  3 centaurs
  A phantom (D:5)
  An earth elemental (Abyss:1)
  2 scorpions (D:4)
  A gnoll sergeant (D:7)
  15 wights
  4 howler monkeys
  An electric eel (D:9)
  8 hounds
  2 jellies (D:6)
  5 orc priests
  A sleepcap (D:6)
  3 iguanas
  4 orc wizards
  5 gnolls (D:7)
  5 adders
  A shadow imp (D:6)
  2 white imps
  2 ufetubi (D:4)
  2 dart slugs (D:4)
  29 orcs
  2 endoplasms
  2 giant cockroaches
  7 goblins
  4 hobgoblins
  7 jackals
  6 kobolds
  2 quokkas (D:4)
  4 ball pythons
  3 bats
  3 frilled lizards (D:2)
  A rat (D:2)
169 creatures vanquished.

Notes
Turn   | Place    | Note
-------+----------+-------------------------------------------
     0 | D:1      | qw the Gargoyle Hunter began the quest for the Orb.
     0 | D:1      | Reached XP level 1. HP: 12/12 MP: 1/1
     0 | D:1      | 0 ||| qw: Version: 0.2-a-29-gc1b59c4
     0 | D:1      | 0 ||| qw: Game counter: 4326
     0 | D:1      | 0 ||| qw: Always use a shield: true
     0 | D:1      | 0 ||| qw: God list: Okawaru
     0 | D:1      | 0 ||| qw: Allow faded altars: false
     0 | D:1      | 0 ||| qw: Do Orc after D:15 true
     0 | D:1      | 0 ||| qw: Do second Lair branch before Depths: true
     0 | D:1      | 0 ||| qw: Lair rune preference: random
     0 | D:1      | 0 ||| qw: Plans: Normal, Zot:1-4, Slime:5, God:TSO, Crypt,
                  | Tomb, Abyss, Pan, Hells, Win
     0 | D:1      | 0 ||| PLANNING D:1-11
   123 | D:1      | Found Jasozas's Weapon Emporium.
   175 | D:1      | Reached XP level 2. HP: 17/17 MP: 2/2
   416 | D:1      | Noticed an animated pearl dragon scales
   418 | D:1      | Found Lilatukkia's Armour Shop.
   420 | D:1      | 420 ||| READING scroll labelled UTWIAS GYEDO.
   421 | D:1      | 421 ||| READING scroll labelled WUITAN SOHA.
   421 | D:1      | Identified a scroll of acquirement
   421 | D:1      | 421 ||| ACQUIRING +3 longbow of draining
   421 | D:1      | Acquired a +3 longbow of draining
   423 | D:1      | 423 ||| SWAPPING to +3 longbow of draining.
   424 | D:1      | Noticed an animated crystal plate armour
   434 | D:1      | 434 ||| SHOPLISTING +0 pair of gloves (49 gold, have 46).
   679 | D:1      | 679 ||| DROPPING scroll of butterflies.
   742 | D:2      | Reached skill level 5 in Ranged Weapons
   742 | D:2      | Reached XP level 3. HP: 21/21 MP: 3/3
   759 | D:2      | Identified the ring "Luakeuc" {Fly Dex+3}
   790 | D:2      | Noticed Sigmund
   796 | D:2      | Killed Sigmund
   797 | D:2      | Reached XP level 4. HP: 15/31 MP: 4/4
   797 | D:2      | Reached XP level 5. HP: 17/35 MP: 5/5
   875 | D:2      | Found a white marble altar of Elyvilon.
  1223 | D:2      | Found a faded altar of an unknown god.
  1240 | D:2      | You fall into a shaft and drop 2 floors!
  1255 | D:4      | Reached XP level 6. HP: 40/40 MP: 6/6
  1310 | D:4      | 1310 ||| UPGRADING to +0 robe of willpower.
  1320 | D:4      | 1320 ||| DROPPING +0 leather armour.
  1321 | D:4      | 1321 ||| UPGRADING to ring "Luakeuc" {Fly Dex+3}.
  1322 | D:4      | 1322 ||| READING scroll labelled ORENUM BIFOE.
  1384 | D:3      | 1384 ||| UPGRADING to amulet of regeneration.
  1593 | D:2      | 1593 ||| READING 3 scrolls labelled CUIZEULEKK.
  1594 | D:2      | 1594 ||| DROPPING 2 scrolls of blinking.
  1864 | D:3      | Found a radiant altar of Vehumet.
  2168 | D:3      | 2168 ||| UPGRADING to +1 cloak.
  2173 | D:3      | 2173 ||| READING scroll labelled ISE GAUJOUHIWE.
  2198 | D:4      | Reached skill level 6 in Ranged Weapons
  2281 | D:4      | Noticed a water moccasin
  2284 | D:4      | Killed a water moccasin
  2285 | D:4      | Reached XP level 7. HP: 44/44 MP: 7/7
  2629 | D:4      | 2629 ||| READING scroll labelled NIHOUW FYRAU.
  2630 | D:4      | 2630 ||| DRINKING 2 yellow potions.
  2631 | D:4      | 2631 ||| READING 2 scrolls of identify.
  2631 | D:4      | 2631 ||| IDENTIFYING viscous emerald potion
  2632 | D:4      | 2632 ||| DROPPING potion of enlightenment.
  2633 | D:4      | 2633 ||| DROPPING potion of berserk rage.
  2660 | D:5      | Entered Level 5 of the Dungeon
  2665 | D:5      | 2665 ||| STAIRDANCE
  2699 | D:5      | Reached skill level 7 in Ranged Weapons
  2704 | D:5      | Found a shimmering altar of Xom.
  2710 | D:5      | Found a hide-covered altar of Uskayaw.
  2726 | D:5      | Identified the +4 scale mail of Yredelemnul {rElec rN+}
  2764 | D:5      | Found a staircase to the Ecumenical Temple.
  2765 | D:5      | 2765 ||| PLANNING TEMPLE
  2765 | D:5      | 2765 ||| READING 2 scrolls of identify.
  2765 | D:5      | 2765 ||| IDENTIFYING red potion
  2766 | D:5      | 2766 ||| DROPPING potion of brilliance.
  2771 | Temple   | Entered the Ecumenical Temple
  2836 | Temple   | 2836 ||| PLANNING OKAWARU WORSHIP
  2843 | Temple   | Became a worshipper of Warmaster Okawaru
  2843 | Temple   | 2843 ||| PLANNING D:1-11
  2880 | D:5      | 2880 ||| Stepping ~*~*~tactically~*~*~ (outnumbered).
  2888 | D:5      | 2888 ||| FLEEEEING.
  3234 | D:5      | 3234 ||| UPGRADING to +0 pair of gloves.
  3239 | D:5      | 3239 ||| UPGRADING to amulet of reflection.
  3249 | D:5      | 3249 ||| DROPPING amulet of regeneration.
  3250 | D:5      | 3250 ||| DRINKING 2 grey potions.
  3276 | D:6      | Found a transporter.
  3286 | D:6      | Found a one-way gate to the infinite horrors of the Abyss.
  3286 | D:6      | Noticed qw's ghost (novice MiHu)
  3287 | D:6      | Found a transporter.
  3317 | D:6      | Reached skill level 1 in Armour
  3317 | D:6      | Reached XP level 8. HP: 49/49 MP: 8/8
  3326 | D:6      | Reached skill level 8 in Ranged Weapons
  3341 | D:6      | 3341 ||| FLEEEEING.
  3342 | D:6      | 3342 ||| FLEEEEING.
  3343 | D:6      | 3343 ||| FLEEEEING.
  3344 | D:6      | 3344 ||| FLEEEEING.
  3345 | D:6      | 3345 ||| FLEEEEING.
  3349 | D:6      | 3349 ||| FLEEEEING.
  3350 | D:6      | 3350 ||| FLEEEEING.
  3351 | D:6      | 3351 ||| FLEEEEING.
  3352 | D:6      | 3352 ||| FLEEEEING.
  3353 | D:6      | 3353 ||| STAIRDANCE
  3385 | D:5      | 3385 ||| UPGRADING to ring of see invisible.
  3386 | D:5      | 3386 ||| READING scroll labelled HEUSUF DA DIMUPTYO.
  3489 | D:6      | 3489 ||| STAIRDANCE
  3608 | D:6      | Reached * piety under Okawaru
  3739 | D:6      | Noticed a toenail golem
  3765 | D:6      | Reached skill level 1 in Invocations
  3980 | D:6      | 3980 ||| DRINKING 2 viscous amethyst potions.
  4014 | D:6      | 4014 ||| DRINKING 2 fizzy golden potions.
  4051 | D:7      | 4051 ||| STAIRDANCE
  4058 | D:6      | Reached skill level 9 in Ranged Weapons
  4058 | D:6      | Reached skill level 3 in Invocations
  4124 | D:7      | 4124 ||| INVOKING Heroism.
  4127 | D:7      | Noticed Pikel
  4130 | D:7      | Reached skill level 6 in Fighting
  4130 | D:7      | Reached XP level 9. HP: 47/56 MP: 8/12
  4131 | D:7      | Killed Pikel
  4131 | D:7      | Reached ** piety under Okawaru
  4161 | D:7      | 4161 ||| DROPPING +0 shortbow.
  4273 | D:7      | Found a shadowy altar of Dithmenos.
  4335 | D:7      | Noticed Maggie
  4341 | D:7      | Killed Maggie
  4342 | D:7      | Reached skill level 10 in Ranged Weapons
  4470 | D:7      | Found a blossoming altar of Fedhas.
  4494 | D:7      | 4494 ||| DROPPING +0 ring mail.
  4495 | D:7      | 4495 ||| UPGRADING to +0 steam dragon scales.
  4505 | D:7      | 4505 ||| DROPPING +0 robe of willpower.
  4506 | D:7      | 4506 ||| UPGRADING to +2 robe of resistance.
  4516 | D:7      | 4516 ||| READING scroll labelled PYSAKE TECLI.
  4517 | D:7      | 4517 ||| READING scroll labelled BITIUG JESSI.
  4630 | D:8      | Reached *** piety under Okawaru
  4645 | D:8      | Identified the +0 ring mail of Osaataf {rF+ rC+ Dex+7
                  | Slay+3}
  4655 | D:8      | 4655 ||| INVOKING Heroism.
  4658 | D:8      | 4658 ||| Stepping ~*~*~tactically~*~*~ (outnumbered).
  4716 | D:8      | 4716 ||| INVOKING Heroism.
  4748 | D:8      | 4748 ||| INVOKING Heroism.
  5053 | D:8      | 5053 ||| INVOKING Heroism.
  5059 | D:8      | Reached skill level 11 in Ranged Weapons
  5059 | D:8      | Reached XP level 10. HP: 63/63 MP: 10/13
  5092 | D:8      | Noticed Grum
  5093 | D:8      | 5093 ||| INVOKING Heroism.
  5105 | D:8      | Killed Grum
  5175 | D:8      | Noticed Psyche
  5176 | D:8      | 5176 ||| INVOKING Heroism.
  5183 | D:8      | Killed Psyche
  5384 | D:8      | 5384 ||| INVOKING Heroism.
  5393 | D:8      | HP: 9/64 [wight/+3 halberd of freezing (9)]
  5587 | D:8      | Noticed Erica
  5588 | D:8      | 5588 ||| INVOKING Heroism.
  5590 | D:8      | 5590 ||| DRINKING 2 potions of curing.
  5590 | D:8      | 5590 ||| (to cure confusion)
  5598 | D:8      | 5598 ||| DRINKING potion of curing.
  5598 | D:8      | 5598 ||| (to cure confusion)
  5608 | D:8      | 5608 ||| INVOKING Heroism.
  5609 | D:8      | Killed Erica
  5610 | D:8      | Reached skill level 12 in Ranged Weapons
  5754 | D:8      | 5754 ||| UPGRADING to +0 ring mail of Osaataf {rF+ rC+
                  | Dex+7 Slay+3}.
  5764 | D:8      | 5764 ||| DROPPING +0 steam dragon scales.
  5765 | D:8      | 5765 ||| DROPPING +2 robe of resistance.
  5766 | D:8      | 5766 ||| READING scroll labelled JOADDU DUTOFAI.
  5770 | D:8      | 5770 ||| READING scroll labelled VIUQAITUOR.
  5771 | D:8      | 5771 ||| READING scroll labelled TIGACI OBORGH.
  5772 | D:8      | 5772 ||| READING 2 scrolls of identify.
  5772 | D:8      | 5772 ||| IDENTIFYING fuming golden potion
  5809 | D:9      | Reached skill level 3 in Armour
  5874 | D:9      | 5874 ||| INVOKING Heroism.
  5875 | D:9      | Noticed a cyclops
  5876 | D:9      | 5876 ||| Stepping ~*~*~tactically~*~*~ (outnumbered).
  5883 | D:9      | Noticed a two-headed ogre
  5889 | D:9      | Killed a two-headed ogre
  5889 | D:9      | Reached **** piety under Okawaru
  5890 | D:9      | Reached skill level 13 in Ranged Weapons
  5892 | D:9      | Reached XP level 11. HP: 39/68 MP: 14/14
  5897 | D:9      | 5897 ||| INVOKING Heroism.
  5899 | D:9      | Killed a cyclops
  6006 | D:9      | 6006 ||| INVOKING Heroism.
  6030 | D:9      | Noticed Erolcha
  6031 | D:9      | 6031 ||| INVOKING Heroism.
  6032 | Abyss:1  | Cast into level 1 of the Abyss (Erolcha)
  6080 | Abyss:1  | Found a corrupted altar of Lugonu.
  6101 | Abyss:1  | Found a corrupted altar of Lugonu.
  6101 | Abyss:1  | Found a corrupted altar of Lugonu.
  6113 | Abyss:1  | 6113 ||| INVOKING Heroism.
  6126 | Abyss:1  | Noticed a large abomination
  6133 | Abyss:1  | 6133 ||| INVOKING Heroism.
  6135 | Abyss:1  | Killed a large abomination
  6136 | Abyss:1  | Reached skill level 6 in Invocations
  6239 | Abyss:1  | Noticed a bone dragon
  6244 | Abyss:1  | 6244 ||| INVOKING Heroism.
  6248 | Abyss:1  | HP: 6/69 [bone dragon (16)]
  6249 | Abyss:1  | 6249 ||| DRINKING potion of heal wounds.
  6251 | Abyss:1  | Noticed a thrashing horror
  6253 | Abyss:1  | HP: 2/69 [thrashing horror (6)]
  6253 | Abyss:1  | Slain by a bone dragon

Levels and vault maps discovered:
D:1:      amcnicky_arrival_single_pillar, layout_basic, serial_shops,
          nicolae_shop_mannequins, nicolae_shop_tiny_waterfront
D:2:      layout_basic, shapermc_ecumenical_altar_notcrosses, basic_altar,
          uniq_sigmund
D:3:      layout_basic, mainiacjoe_overflow_alcove_4, nicolae_hexahallways
D:4:      layout_basic
D:5:      layout_basic, lemuel_doored_altar, mainiacjoe_overflow_boulevard,
          temple_doors_e
D:6:      layout_cave_pools, gammafunk_ghost_abyssal_escape
D:7:      layout_rooms, mainiacjoe_overflow_surrounded_room,
          mainiacjoe_overflow_catwalk, serial_park_tiny_1,
          minmay_tree_intersection, uniq_maggie, uniq_pikel
D:8:      layout_gridville, uniq_erica, uniq_psyche, uniq_grum
D:9:      layout_gridville, erik_lair_island, uniq_erolcha
Temple:   jpeg_temple_clearing
Abyss:1:  base:
D:9

Skill      XL: |  1  2  3  4  5  6  7  8  9 10 11 |
---------------+----------------------------------+-----
Ranged Weapons | 5 6 7 9 11 13 | 13.0
Fighting       | 5 6 7 8 |  8.7
Dodging        | 2 4 5 |  5.0
Armour         | 1 4 |  4.0
Invocations    | 4 6 |  6.2
Stealth        | |  1.1

Action                     |  1- 3 |  4- 6 |  7- 9 | 10-12 || total
---------------------------+-------+-------+-------+-------++-------
   Fire: Shortbow          |    36 |       |       |       ||    36
         Longbow           |    18 |    51 |   210 |   151 ||   430
 Invoke: Heroism           |       |       |     5 |    12 ||    17
    Use: Scroll            |     2 |     3 |     6 |     4 ||    15
         Potion            |       |       |     4 |     3 ||     7
 Armour: Leather armour    |     8 |     3 |       |       ||    11
         Robe              |       |       |    33 |     6 ||    39
         Ring mail         |       |       |       |    37 ||    37
  Dodge: Dodged            |    12 |     8 |    69 |    99 ||   188
  Block: Other             |       |       |    10 |    30 ||    40
         Reflection        |       |       |     2 |       ||     2

Table legend:
 A = Non-vault XP
 B = Vault XP
 C = Vault XP percentage of total XP
 D = Non-vault monster count
 E = Vault monster count
 F = Vault count percentage of total count
                 A         B        C        D         E       F
            +---------+---------+-------+---------+---------+-------
      Total |    7940 |    3910 |  33.0 |     151 |      18 |  10.7
            +---------+---------+-------+---------+---------+-------
        D:1 |      26 |       0 |   0.0 |      15 |       0 |   0.0
        D:2 |      36 |     223 |  86.1 |       9 |       1 |  10.0
        D:3 |      37 |       0 |   0.0 |      14 |       0 |   0.0
        D:4 |     444 |       0 |   0.0 |      20 |       0 |   0.0
        D:5 |     384 |       0 |   0.0 |      13 |       0 |   0.0
        D:6 |     709 |       0 |   0.0 |      22 |       0 |   0.0
        D:7 |     949 |     978 |  50.8 |      19 |       2 |   9.5
        D:8 |    1331 |    1900 |  58.8 |      21 |       7 |  25.0
        D:9 |    2451 |     809 |  24.8 |      11 |       8 |  42.1
    Abyss:1 |    1573 |       0 |   0.0 |       7 |       0 |   0.0
            +---------+---------+-------+---------+---------+-------
